Map: Newkirk Precinct TE (Void)

Players

SnakeDoctor - Winner!

  • Race: Protoss Protoss
  • League: Diamond
  • Spawn Location: 5:00

Musumeci

  • Race: Zerg Zerg
  • League: Diamond
  • Spawn Location: 7:00

VOD

Have the link to the VOD?

Description

Time

  • Played on: March 25, 2017, 9:47 a.m.
  • Length: 8:50
Show
View Real Time Build Order
Export as new Build Order

SnakeDoctor Protoss - Winner!

Build Orders: 1 Gate Expand 

Get SALT Encoding   

  12  0:00  Probe (Chrono Boost)  
  13  0:16  Pylon  
  13  0:18  Probe (Chrono Boost)  
  14  0:29  Probe (Chrono Boost)  
  15  0:36  Gateway  
  15  0:41  Probe (Chrono Boost)  
  16  0:47  Assimilator  
  16  0:51  Probe (Chrono Boost)  
  17  1:02  Probe (Chrono Boost)  
  18  1:12  Probe (Chrono Boost)  
  19  1:30  Nexus  
  19  1:39  Cybernetics Core  
  19  1:42  Probe (Chrono Boost)  
  20  1:50  Pylon  
  20  1:53  Probe (Chrono Boost)  
  21  1:59  Assimilator  
  21  2:06  Probe (Chrono Boost)  
  22  2:12  Adept  
  24  2:24  Twilight Council  
  24  2:28  Probe (Chrono Boost)  
  25  2:32  Warp Gate  
  25  2:38  Adept  
  25  2:40  Probe (Chrono Boost)  
  25  2:43  Probe (Chrono Boost)  
  30  2:52  Probe (Chrono Boost), Resonating Glaives  
  30  2:54  Probe (Chrono Boost)  
  31  3:01  Adept  
  31  3:04  Probe x2 (Chrono Boost)  
  35  3:15  Probe (Chrono Boost)  
  35  3:17  Probe (Chrono Boost)  
  35  3:27  Adept  
  35  3:31  Gateway x2  
  37  3:37  Mothership Core (Chrono Boost)  
  39  3:42  Pylon  
  39  3:43  Probe (Chrono Boost)  
  40  3:51  Adept  
  40  3:52  Pylon  
  40  3:55  Probe (Chrono Boost)  
  43  3:57  Probe (Chrono Boost)  
  44  4:07  Probe (Chrono Boost)  
  44  4:09  Probe (Chrono Boost)  
  46  4:19  Probe (Chrono Boost)  
  46  4:21  Probe (Chrono Boost)  
  47  4:39  Adept x2  
  47  4:42  Nexus  
  47  4:43  Adept, Pylon  
  47  4:45  Pylon  
  53  4:59  Assimilator  
  53  5:00  Assimilator  
  53  5:06  Probe x2 (Chrono Boost)  
  55  5:07  Stargate  
  55  5:08  Sentry x2, Stargate  
  55  5:13  Adept  
  61  5:18  Probe (Chrono Boost)  
  61  5:19  Probe (Chrono Boost)  
  63  5:30  Probe (Chrono Boost)  
  63  5:49  Adept x3  
  69  5:54  Gateway  
  69  5:55  Probe x2 (Chrono Boost)  
  71  5:57  Gateway  
  71  5:58  Gateway  
  71  6:00  Gateway  
  69  6:08  Probe x2 (Chrono Boost)  
  73  6:20  Probe x2 (Chrono Boost)  
  71  6:29  Void Ray  
  71  6:30  Void Ray  
  71  6:32  Probe (Chrono Boost)  
  78  6:44  Adept x3  
  80  6:49  Probe (Chrono Boost)  
  80  6:50  Probe x2 (Chrono Boost)  
  79  7:02  Adept x5  
  79  7:07  Adept x2  
  93  7:20  Pylon  
  93  7:21  Pylon  
  93  7:23  Pylon  
  93  7:24  Pylon  
  93  7:38  Adept x2  
  93  7:39  Probe x3 (Chrono Boost)  
  93  7:40  Adept x4  
  93  7:43  Adept  
  112  7:51  Probe x2 (Chrono Boost)  
  98  8:16  Adept x5  
  98  8:17  Adept x2  
  102  8:44  Adept x5  
  102  8:45  Adept x2  
Show
View Real Time Build Order
Export as new Build Order

Musumeci Zerg 

Build Orders: Hatch First 

Get SALT Encoding   

  12  0:05  Drone  
  13  0:09  Drone  
  14  0:16  Drone, Extractor  
  15  0:32  Overlord  
  15  0:51  Drone x3  
  18  1:04  Extractor  
  18  1:08  Hatchery  
  17  1:13  Drone  
  17  1:22  Spawning Pool  
  17  1:24  Drone  
  17  1:38  Drone  
  18  1:45  Overlord  
  18  1:56  Drone  
  19  2:06  Drone  
  19  2:08  Queen  
  22  2:18  Zergling x2  
  22  2:20  Queen  
  22  2:22  Drone, Metabolic Boost  
  26  2:32  Drone x2  
  28  2:46  Queen  
  28  2:48  Drone  
  28  2:49  Drone  
  32  3:01  Zergling x6  
  35  3:09  Hatchery  
  32  3:29  Drone x4  
  32  3:30  Overlord  
  36  3:43  Evolution Chamber  
  36  3:46  Drone  
  36  3:48  Drone x5  
  41  3:57  Lair  
  41  4:00  Drone  
  41  4:01  Drone, Extractor, Roach Warren  
  41  4:04  Drone  
  41  4:05  Extractor  
  41  4:19  Baneling Nest  
  41  4:22  Extractor  
  39  4:38  Overlord x3  
  39  4:39  Overlord x2  
  39  4:54  Glial Reconstitution  
  39  4:56  Zerg Missile Weapons Level 1  
  39  4:57  Drone  
  39  4:58  Drone x2  
  39  4:59  Drone x4  
  46  5:02  Drone  
  46  5:04  Drone  
  48  5:12  Baneling x2  
  48  5:16  Drone x3  
  48  5:17  Drone  
  48  5:20  Roach  
  54  5:24  Roach  
  52  5:35  Roach x3  
  46  5:36  Roach  
  46  5:42  Ravager  
  46  5:44  Ravager  
  46  5:47  Roach  
  46  5:48  Roach  
  44  5:56  Roach x3  
  48  6:05  Roach  
  48  6:06  Roach x2  
  44  6:32  Drone x7  
  44  6:33  Drone x2  
  43  6:54  Drone  
  43  6:55  Drone x5  
  49  7:03  Ravager  
  49  7:05  Queen  
  49  7:07  Roach  
  49  7:08  Ravager x2  
  54  7:16  Queen  
  54  7:19  Ravager  
  56  7:32  Queen  
  56  7:34  Roach  
  56  7:35  Roach x4  
  68  7:42  Ravager  
  69  7:49  Ravager  
  51  8:10  Roach x8  
Tags
 
Add a new tag
Caveats
  • Supply blocks, unpowered buildings, or Contaminate may cause inaccurate times.
  • Supply counts are checked every 10 seconds.